Rampage vs Little Stars
(R1)
Created - October 31, 2022 at 19:27
Goals
|
| Rampage |
0 |
1 |
1 |
2 |
| Little Stars |
1 |
0 |
0 |
1 |
|
Shots
|
| Rampage |
12 |
14 |
9 |
35 |
| Little Stars |
12 |
9 |
8 |
29 |
|
1st period
1. Little Stars , Daniel O'regan 1 (Jordan LaVallee 1, Ilya Mikheyev 1) at 18:09 (PP)
Penalties :
Reece Willcox (Tex) for Hooking (Minor) at 12:40, Dylan Sikura (San) for Boarding (Minor) at 15:05, Dylan Sikura (San) for Holding (Minor) at 17:14
2nd period
2. Rampage , Roland McKeown 1 (Petr Straka 1, Ethan Bear 1) at 6:41
Penalties :
Anton Cederholm (Tex) for Tripping (Minor) at 3:38, Dylan Sikura (San) for Interference (Minor) at 7:22
3rd period
3. Rampage , Dominik Simon 1 (Rourke Chartier 1, Jordan Kyrou 1) at 12:56
Penalties :
Travis Sanheim (San) for Tripping (Minor) at 4:38, Rourke Chartier (San) for Holding (Minor) at 9:39, Eric Knodel (Tex) for Hooking (Minor) at 13:03
Goalie Stats
Jake Oettinger (San), 28 saves from 29 shots - (0.966), W, 1-0-0, 60:00 minutes
Michael Houser (Tex), 33 saves from 35 shots - (0.943), L, 0-1-0, 59:04 minutes
Players Stats for Rampage
Player Name G A P +/- PIM S H SB GA TA FO MP PP MP PK MP
------------------------------------------------------------------------------------
Anthony Richard 0 0 0 0 0 1 1 0 0 1 0/1 9:10 0:00 3:08
Charlie McAvoy 0 0 0 1 0 1 2 0 1 1 0/0 21:12 2:25 0:00
Collin Miller 0 0 0 0 0 1 1 0 0 1 0/0 15:58 0:00 5:19
Dominik Simon 1 0 1 1 0 6 1 0 1 0 0/0 19:58 3:41 1:19
Dylan Sikura 0 0 0 0 6 2 1 1 0 0 0/0 14:28 0:00 1:11
Ethan Bear 0 1 1 1 0 0 1 1 1 0 0/0 22:50 3:32 3:32
Jean-Sebastien Dea 0 0 0 1 0 1 1 0 0 1 4/8 12:59 2:16 0:00
Jeremy Bracco 0 0 0 0 0 1 1 0 0 0 0/0 8:03 2:16 0:00
Jordan Greenway 0 0 0 0 0 1 1 0 0 1 0/0 5:47 0:00 0:00
Jordan Kyrou 0 1 1 1 0 5 2 0 0 0 1/2 18:22 3:41 0:00
Petr Straka 0 1 1 1 0 6 2 0 1 1 0/0 12:20 0:00 1:58
Pierre Engvall 0 0 0 1 0 1 0 0 0 0 0/0 17:43 0:00 5:01
Roland McKeown 1 0 1 1 0 2 0 1 0 0 0/0 19:49 0:00 5:19
Rourke Chartier 0 1 1 1 2 0 1 0 1 1 16/32 19:26 3:41 0:21
Ryan Lomberg 0 0 0 0 0 1 2 0 0 0 1/1 14:01 2:16 0:00
T.J. Tynan 0 0 0 0 0 0 4 0 1 0 9/21 18:01 0:00 4:44
Travis Sanheim 0 0 0 1 2 4 1 2 2 0 0/0 22:56 3:32 0:00
Vladislav Gavrikov 0 0 0 0 0 2 0 0 1 0 0/0 18:01 2:25 3:32
Players Stats for Little Stars
Player Name G A P +/- PIM S H SB GA TA FO MP PP MP PK MP
------------------------------------------------------------------------------------
Adam Tambellini 0 0 0 -1 0 3 4 0 0 0 1/1 18:32 4:00 2:27
Anton Cederholm 0 0 0 0 2 2 3 3 3 0 0/0 27:36 5:29 2:36
Daniel O'regan 1 0 1 -1 0 4 4 0 2 0 14/31 22:40 4:49 1:26
Eric Knodel 0 0 0 0 2 1 2 3 0 2 0/0 27:58 5:29 2:33
Frederic Allard 0 0 0 -1 0 1 0 1 0 1 0/0 13:57 0:00 2:46
Henrik Borgstrom 0 0 0 -1 0 0 0 0 0 0 7/10 15:55 4:00 0:00
Ilya Mikheyev 0 1 1 -1 0 1 2 2 0 0 2/2 24:53 4:49 3:29
Jason Dickinson 0 0 0 0 0 2 1 0 0 2 3/10 11:13 0:00 1:08
Joakim Nygard 0 0 0 0 0 4 1 2 0 0 0/0 10:30 0:02 0:01
Joey Anderson 0 0 0 0 0 0 0 0 0 0 0/0 6:05 0:00 0:00
Jordan LaVallee 0 1 1 -1 0 7 2 1 0 0 6/8 24:47 4:49 3:23
Justin Auger 0 0 0 0 0 0 0 0 0 0 0/1 10:17 0:02 0:00
Matt Luff 0 0 0 -1 0 2 1 0 0 1 0/0 15:55 4:00 0:00
Michael Mersch 0 0 0 0 0 0 0 0 1 0 0/0 6:17 0:02 0:00
Reece Willcox 0 0 0 -1 2 1 1 1 1 0 0/0 19:44 3:22 1:32
Roman Horak 0 0 0 0 0 0 1 0 0 0 1/2 6:05 0:00 0:00
Tucker Poolman 0 0 0 -1 0 0 0 1 0 0 0/0 20:25 3:22 2:27
Ville Pokka 0 0 0 -1 0 1 0 2 0 3 0/0 11:11 0:00 0:00
3 Stars
1 - Jake Oettinger (San)
2 - Dominik Simon (San)
3 - Michael Houser (Tex)
Power Play
Rampage - 0 on 3 Attempt(s) - 0.00%
Little Stars - 1 on 5 Attempt(s) - 20.00%
Penalty Kill
Rampage - 4 on 5 Attempt(s) - 80.00%
- Score 0 goal in Penalty Kill
Little Stars - 3 on 3 Attempt(s) - 100.00%
- Score 0 goal in Penalty Kill
Team Stat
Rampage - Hits : 22 - Faceoff Wins : 31 - Blocked Shots : 5 - Penalty Minutes : 10
Little Stars - Hits : 22 - Faceoff Wins : 34 - Blocked Shots : 16 - Penalty Minutes : 6
Official
Referees : Francois St. Laurent and Frederick L'Ecuyer
Linesman : Bevan Mills and Greg Devorski
Game Notes
17:57 of 3rd period - Little Stars goal is going for a video replay. After video review, No Goal. The puck has entered the net after making contact with an attacking player’s stick that is above the height of the crossbar.
Finance
Level 1 -- Attendance: 2000 (100.00%) -- Ticket Income $70,000
Level 2 -- Attendance: 868 (86.80%) -- Ticket Income $13,020
Total Attendance: 2868 (95.60%)
Total Ticket Income: $83,020
Other Income: $4,151
Total Income: $87,171
Rampage
5 vs 5 Forward
Center Left Wing Right Wing Time % Phy DF OF
1 Rourke Chartier Dominik Simon Jordan Kyrou 40 1 2 2
2 T.J. Tynan Ryan Lomberg Dylan Sikura 30 1 2 2
3 Jean-Sebastien Dea Pierre Engvall Petr Straka 20 1 2 2
4 Anthony Richard Jordan Greenway Jeremy Bracco 10 1 2 2
5 vs 5 Defense
Defense Defense Time % Phy DF OF
1 Travis Sanheim Charlie McAvoy 40 1 2 2
2 Ethan Bear Roland McKeown 30 1 2 2
3 Vladislav Gavrikov Collin Miller 20 1 2 2
4 Vladislav Gavrikov Ethan Bear 10 1 2 2
PowerPlay Forward
Center Left Wing Right Wing Time % Phy DF OF
1 Rourke Chartier Dominik Simon Jordan Kyrou 60 1 2 2
2 Jean-Sebastien Dea Ryan Lomberg Jeremy Bracco 40 1 2 2
PowerPlay Defense
Defense Defense Time % Phy DF OF
1 Travis Sanheim Ethan Bear 60 1 2 2
2 Charlie McAvoy Vladislav Gavrikov 40 1 2 2
Penalty Kill 4 Players Forward
Center Wing Time % Phy DF OF
1 T.J. Tynan Pierre Engvall 60 1 2 2
2 Anthony Richard Dylan Sikura 40 1 2 2
Penalty Kill 4 Players Defense
Defense Defense Time % Phy DF OF
1 Collin Miller Roland McKeown 60 1 2 2
2 Vladislav Gavrikov Ethan Bear 40 1 2 2
Penalty Kill - 3 Players Forward
Forward Time % Phy DF OF
1 T.J. Tynan 60 1 2 2
2 Jean-Sebastien Dea 40 1 2 2
Penalty Kill - 3 Players Defense
Defense Defense Time % Phy DF OF
1 Roland McKeown Collin Miller 60 1 2 2
2 Vladislav Gavrikov Ethan Bear 40 1 2 2
4 vs 4 Forward
Center Wing Time % Phy DF OF
1 Jean-Sebastien Dea Pierre Engvall 60 1 2 2
2 T.J. Tynan Ryan Lomberg 40 1 2 2
4 vs 4 Defense
Defense Defense Time % Phy DF OF
1 Charlie McAvoy Roland McKeown 60 1 2 2
2 Vladislav Gavrikov Travis Sanheim 40 1 2 2
Last Minutes Offensive
Center Left Wing Right Wing Defense Defense
T.J. Tynan Dominik Simon Jordan Kyrou Travis Sanheim Ethan Bear
Last Minutes Defensive
Center Left Wing Right Wing Defense Defense
T.J. Tynan Pierre Engvall Dylan Sikura Roland McKeown Vladislav Gavrikov
Goaltenders
Starting : Jake Oettinger
Backup : Sami Aittokallio
Extra Forwards
Normal : Pierre Engvall, Jean-Sebastien Dea, T.J. Tynan - PP : Jean-Sebastien Dea, Rourke Chartier - PK : Petr Straka
Extra Defensemen
Normal : Ethan Bear, Vladislav Gavrikov, Travis Sanheim - PP : Roland McKeown - PK : Collin Miller, Charlie McAvoy
Penalty Shots
Jordan Kyrou, Rourke Chartier, Anthony Richard, Petr Straka, Dylan Sikura
Scratches
Adam Clendening (Healthy), Artturi Lehkonen (Healthy), Emil Bemstrom (Healthy), Trent Frederic (Healthy), Kevan Miller (Healthy)
Emil Larmi (Healthy)
Little Stars
5 vs 5 Forward
Center Left Wing Right Wing Time % Phy DF OF
1 Daniel O'regan Jordan LaVallee Ilya Mikheyev 40 1 2 2
2 Henrik Borgstrom Adam Tambellini Matt Luff 30 1 2 2
3 Jason Dickinson Joakim Nygard Justin Auger 20 1 2 2
4 Roman Horak Michael Mersch Joey Anderson 10 1 2 2
5 vs 5 Defense
Defense Defense Time % Phy DF OF
1 Anton Cederholm Eric Knodel 40 1 2 2
2 Reece Willcox Tucker Poolman 30 1 2 2
3 Ville Pokka Frederic Allard 20 1 2 2
4 Anton Cederholm Eric Knodel 10 1 2 2
PowerPlay Forward
Center Left Wing Right Wing Time % Phy DF OF
1 Daniel O'regan Jordan LaVallee Ilya Mikheyev 60 1 2 2
2 Henrik Borgstrom Adam Tambellini Matt Luff 40 1 2 2
PowerPlay Defense
Defense Defense Time % Phy DF OF
1 Anton Cederholm Eric Knodel 60 1 2 2
2 Reece Willcox Tucker Poolman 40 1 2 2
Penalty Kill 4 Players Forward
Center Wing Time % Phy DF OF
1 Jordan LaVallee Ilya Mikheyev 60 1 2 2
2 Adam Tambellini Daniel O'regan 40 1 2 2
Penalty Kill 4 Players Defense
Defense Defense Time % Phy DF OF
1 Anton Cederholm Eric Knodel 60 1 2 2
2 Reece Willcox Tucker Poolman 40 1 2 2
Penalty Kill - 3 Players Forward
Forward Time % Phy DF OF
1 Jordan LaVallee 60 1 2 2
2 Ilya Mikheyev 40 1 2 2
Penalty Kill - 3 Players Defense
Defense Defense Time % Phy DF OF
1 Anton Cederholm Eric Knodel 60 1 2 2
2 Reece Willcox Tucker Poolman 40 1 2 2
4 vs 4 Forward
Center Wing Time % Phy DF OF
1 Jordan LaVallee Ilya Mikheyev 60 1 2 2
2 Adam Tambellini Daniel O'regan 40 1 2 2
4 vs 4 Defense
Defense Defense Time % Phy DF OF
1 Anton Cederholm Eric Knodel 60 1 2 2
2 Reece Willcox Tucker Poolman 40 1 2 2
Last Minutes Offensive
Center Left Wing Right Wing Defense Defense
Daniel O'regan Jordan LaVallee Ilya Mikheyev Anton Cederholm Eric Knodel
Last Minutes Defensive
Center Left Wing Right Wing Defense Defense
Daniel O'regan Jordan LaVallee Ilya Mikheyev Anton Cederholm Eric Knodel
Goaltenders
Starting : Michael Houser
Backup : Connor Knapp
Extra Forwards
Normal : Joakim Nygard, Michael Mersch, Jason Dickinson - PP : Joakim Nygard, Michael Mersch - PK : Jason Dickinson
Extra Defensemen
Normal : Ville Pokka, Frederic Allard, Reece Willcox - PP : Ville Pokka - PK : Frederic Allard, Reece Willcox
Penalty Shots
Jordan LaVallee, Ilya Mikheyev, Adam Tambellini, Daniel O'regan, Henrik Borgstrom
Scratches
Filip Chytil (Healthy), Emile Poirier (Healthy), Jean-Christophe Beaudin (Healthy), Lawrence Pilut (Healthy), Connor Mackey (Healthy)
Radel Fazleev (Healthy), Rudolfs Balcers (Healthy), Shane Gersich (Healthy), Yakov Trenin (Healthy), Jonathan Dahlen (Healthy)
Givani Smith (Healthy), Alex Belzile (Healthy), Danil Tarasov (Healthy)
% Time on Ice - Rampage
Lines # - Real PCT - Wanted PCT - Time Play
Normal Forward
1 - 37% - 40% - 16:12
2 - 27% - 30% - 11:45
3 - 24% - 20% - 10:22
4 - 13% - 10% - 5:47
Normal Defense
1 - 45% - 40% - 19:41
2 - 29% - 30% - 12:45
3 - 21% - 20% - 9:09
4 - 6% - 10% - 2:31
PP Forward
1 - 62% - 60% - 3:41
2 - 38% - 40% - 2:16
PP Defense
1 - 59% - 60% - 3:32
2 - 41% - 40% - 2:25
PK Forward
1 - 74% - 60% - 6:32
2 - 26% - 40% - 2:19
PK Defense
1 - 60% - 60% - 5:19
2 - 40% - 40% - 3:32
PK3 Forward
1 - 0% - 60%
2 - 0% - 40%
PK3 Defense
1 - 0% - 60%
2 - 0% - 40%
44 Forward
1 - 0% - 60%
2 - 0% - 40%
44 Defense
1 - 0% - 60%
2 - 0% - 40%
Last Minute Offensive - 0:00
Last Minute Defensive - 1:06
Total
Forward - 60:00
Defense - 60:00
|
% Time on Ice - Little Stars
Lines # - Real PCT - Wanted PCT - Time Play
Normal Forward
1 - 36% - 40% - 15:54
2 - 27% - 30% - 12:05
3 - 23% - 20% - 10:05
4 - 14% - 10% - 6:05
Normal Defense
1 - 40% - 40% - 17:40
2 - 32% - 30% - 14:04
3 - 25% - 20% - 11:11
4 - 3% - 10% - 1:14
PP Forward
1 - 55% - 60% - 4:51
2 - 45% - 40% - 4:00
PP Defense
1 - 62% - 60% - 5:29
2 - 38% - 40% - 3:22
PK Forward
1 - 80% - 60% - 4:47
2 - 20% - 40% - 1:10
PK Defense
1 - 66% - 60% - 3:54
2 - 34% - 40% - 2:03
PK3 Forward
1 - 0% - 60%
2 - 0% - 40%
PK3 Defense
1 - 0% - 60%
2 - 0% - 40%
44 Forward
1 - 0% - 60%
2 - 0% - 40%
44 Defense
1 - 0% - 60%
2 - 0% - 40%
Last Minute Offensive - 1:03
Last Minute Defensive - 0:00
Total
Forward - 60:00
Defense - 60:00
|
Play-by-Play
1st period
0:01 of 1st period - Rourke Chartier wins face-off versus Daniel O'regan in neutral zone.
0:17 of 1st period - Off-side.
0:18 of 1st period - T.J. Tynan wins face-off versus Henrik Borgstrom in neutral zone.
0:50 of 1st period - Off-side.
0:51 of 1st period - Roman Horak wins face-off versus Anthony Richard in neutral zone.
0:54 of 1st period - Snap shot by Roman Horak.
0:54 of 1st period - Shot Misses the Net.
1:16 of 1st period - Collin Miller is hit by Daniel O'regan and loses puck.
1:23 of 1st period - Ville Pokka is hit by Dominik Simon and loses puck.
1:34 of 1st period - Charlie McAvoy is hit by Ilya Mikheyev and loses puck.
1:54 of 1st period - Anton Cederholm is hit by T.J. Tynan and loses puck.
2:09 of 1st period - Wrist shot by Petr Straka.
2:09 of 1st period - Deflect By Eric Knodel.
2:09 of 1st period - Shot Blocked by Eric Knodel.
2:09 of 1st period - Puck is out of play.
2:10 of 1st period - Jean-Sebastien Dea wins face-off versus Justin Auger in Little Stars zone.
2:11 of 1st period - Slapshot by Petr Straka.
2:11 of 1st period - Stopped by Michael Houser with a rebound.
2:13 of 1st period - Wrist shot by Petr Straka.
2:13 of 1st period - Shot Blocked by Joakim Nygard.
2:37 of 1st period - Ethan Bear is hit by Reece Willcox.
3:23 of 1st period - Joey Anderson is hit by Jordan Greenway and loses puck.
4:04 of 1st period - Jason Dickinson is hit by Charlie McAvoy and loses puck.
5:30 of 1st period - Dominik Simon is hit by Jason Dickinson and loses puck.
6:13 of 1st period - Slapshot by Petr Straka.
6:13 of 1st period - Stopped by Michael Houser with a rebound.
6:15 of 1st period - Slapshot by Travis Sanheim.
6:15 of 1st period - Stopped by Michael Houser without a rebound.
6:16 of 1st period - Rourke Chartier wins face-off versus Daniel O'regan in Little Stars zone.
6:23 of 1st period - Reece Willcox is hit by Ethan Bear.
6:28 of 1st period - Off-side.
6:29 of 1st period - Jordan Kyrou wins face-off versus Daniel O'regan in neutral zone.
6:54 of 1st period - Ville Pokka is hit by Ryan Lomberg and loses puck.
7:17 of 1st period - Snap shot by Jason Dickinson.
7:17 of 1st period - Stopped by Jake Oettinger without a rebound.
7:18 of 1st period - Rourke Chartier wins face-off versus Jason Dickinson in Rampage zone.
7:18 of 1st period - Rourke Chartier is hit by Anton Cederholm.
7:45 of 1st period - Vladislav Gavrikov is hit by Eric Knodel and loses puck.
7:54 of 1st period - Wrist shot by Ryan Lomberg.
7:54 of 1st period - Stopped by Michael Houser without a rebound.
7:55 of 1st period - Henrik Borgstrom wins face-off versus Rourke Chartier in Little Stars zone.
7:55 of 1st period - Henrik Borgstrom is hit by Jordan Kyrou.
8:09 of 1st period - Wrist shot by Dominik Simon.
8:09 of 1st period - Stopped by Michael Houser without a rebound.
8:10 of 1st period - Daniel O'regan wins face-off versus T.J. Tynan in Little Stars zone.
8:15 of 1st period - Snap shot by Ilya Mikheyev.
8:15 of 1st period - Deflect By Daniel O'regan.
8:15 of 1st period - Shot Misses the Net.
8:15 of 1st period - Puck is out of play.
8:16 of 1st period - Daniel O'regan wins face-off versus T.J. Tynan in Rampage zone.
8:46 of 1st period - Wrist shot by Petr Straka.
8:46 of 1st period - Stopped by Michael Houser without a rebound.
8:47 of 1st period - Henrik Borgstrom wins face-off versus Jean-Sebastien Dea in Little Stars zone.
9:08 of 1st period - Wrist shot by Petr Straka.
9:08 of 1st period - Stopped by Michael Houser with a rebound.
9:32 of 1st period - Reece Willcox is hit by Collin Miller and loses puck.
9:55 of 1st period - Slapshot by Petr Straka.
9:55 of 1st period - Shot Misses the Net.
10:10 of 1st period - Slapshot by Reece Willcox.
10:10 of 1st period - Stopped by Jake Oettinger without a rebound.
10:11 of 1st period - Rourke Chartier wins face-off versus Daniel O'regan in Rampage zone.
10:22 of 1st period - Wrist shot by Jordan LaVallee.
10:22 of 1st period - Stopped by Jake Oettinger with a rebound.
10:47 of 1st period - Slapshot by Jordan Greenway.
10:47 of 1st period - Stopped by Michael Houser with a rebound.
10:49 of 1st period - Snap shot by Ethan Bear.
10:49 of 1st period - Deflect By Anthony Richard.
10:49 of 1st period - Shot Blocked by Anton Cederholm.
10:49 of 1st period - Puck is out of play.
10:50 of 1st period - Daniel O'regan wins face-off versus Rourke Chartier in Little Stars zone.
11:17 of 1st period - Roland McKeown is hit by Roman Horak and loses puck.
11:22 of 1st period - Snap shot by Michael Mersch.
11:22 of 1st period - Shot Misses the Net.
11:24 of 1st period - Snap shot by Eric Knodel.
11:24 of 1st period - Stopped by Jake Oettinger without a rebound.
11:25 of 1st period - T.J. Tynan wins face-off versus Jason Dickinson in Rampage zone.
11:30 of 1st period - Slapshot by Travis Sanheim.
11:30 of 1st period - Stopped by Michael Houser without a rebound.
11:31 of 1st period - Jason Dickinson wins face-off versus T.J. Tynan in Little Stars zone.
11:36 of 1st period - Wrist shot by Ryan Lomberg.
11:36 of 1st period - Shot Blocked by Joakim Nygard.
11:38 of 1st period - Snap shot by T.J. Tynan.
11:38 of 1st period - Shot Blocked by Eric Knodel.
12:09 of 1st period - Snap shot by Jordan Kyrou.
12:09 of 1st period - Shot Misses the Net.
12:32 of 1st period - Snap shot by Jordan Greenway.
12:32 of 1st period - Shot Misses the Net.
12:40 of 1st period - Minor Penalty to Reece Willcox for Hooking.
12:41 of 1st period - Jordan LaVallee wins face-off versus Rourke Chartier in Little Stars zone.
12:52 of 1st period - Snap shot by Dominik Simon.
12:52 of 1st period - Deflect By Jordan Kyrou.
12:52 of 1st period - Stopped by Michael Houser without a rebound.
12:53 of 1st period - Jordan LaVallee wins face-off versus Rourke Chartier in Little Stars zone.
13:08 of 1st period - Backhand shot by Jordan Kyrou.
13:08 of 1st period - Stopped by Michael Houser without a rebound.
13:09 of 1st period - Jordan LaVallee wins face-off versus Rourke Chartier in Little Stars zone.
13:22 of 1st period - Wrist shot by Ilya Mikheyev.
13:22 of 1st period - Shot Blocked by Ethan Bear.
13:24 of 1st period - Slapshot by Jordan LaVallee.
13:24 of 1st period - Stopped by Jake Oettinger with a rebound.
14:40 of 1st period - Penalty to Reece Willcox is over, Reece Willcox is back on ice.
14:42 of 1st period - Rourke Chartier is hit by Daniel O'regan and loses puck.
14:49 of 1st period - Slapshot by Daniel O'regan.
14:49 of 1st period - Stopped by Jake Oettinger without a rebound.
14:50 of 1st period - T.J. Tynan wins face-off versus Jason Dickinson in Rampage zone.
15:05 of 1st period - Minor Penalty to Dylan Sikura for Boarding.
15:06 of 1st period - T.J. Tynan wins face-off versus Daniel O'regan in Rampage zone.
15:16 of 1st period - Wrist shot by Daniel O'regan.
15:16 of 1st period - Stopped by Jake Oettinger with a rebound.
15:18 of 1st period - Wrist shot by Daniel O'regan.
15:18 of 1st period - Shot Misses the Net.
15:20 of 1st period - Slapshot by Anton Cederholm.
15:20 of 1st period - Deflect By T.J. Tynan.
15:20 of 1st period - Stopped by Jake Oettinger with a rebound.
16:11 of 1st period - Vladislav Gavrikov is hit by Daniel O'regan and loses puck.
17:05 of 1st period - Penalty to Dylan Sikura is over, Dylan Sikura is back on ice.
17:14 of 1st period - Minor Penalty to Dylan Sikura for Holding.
17:15 of 1st period - Daniel O'regan wins face-off versus T.J. Tynan in Rampage zone.
17:17 of 1st period - Snap shot by Jordan LaVallee.
17:17 of 1st period - Stopped by Jake Oettinger without a rebound.
17:18 of 1st period - Jordan LaVallee wins face-off versus T.J. Tynan in Rampage zone.
17:27 of 1st period - Snap shot by Daniel O'regan.
17:27 of 1st period - Stopped by Jake Oettinger without a rebound.
17:28 of 1st period - Daniel O'regan wins face-off versus T.J. Tynan in Rampage zone.
17:35 of 1st period - Wrist shot by Jordan LaVallee.
17:35 of 1st period - Shot Misses the Net.
17:37 of 1st period - Slapshot by Eric Knodel.
17:37 of 1st period - Deflect By Ilya Mikheyev.
17:37 of 1st period - Deflect By Collin Miller.
17:37 of 1st period - Shot Misses the Net.
17:37 of 1st period - Puck is out of play.
17:38 of 1st period - T.J. Tynan wins face-off versus Daniel O'regan in Rampage zone.
18:05 of 1st period - Snap shot by Ilya Mikheyev.
18:05 of 1st period - Shot Blocked by Roland McKeown.
18:07 of 1st period - Snap shot by Jordan LaVallee.
18:07 of 1st period - Stopped by Jake Oettinger with a rebound.
18:09 of 1st period - Slapshot by Daniel O'regan.
18:09 of 1st period - Goal by Daniel O'regan - Rampage : 0 - Little Stars : 1.
18:10 of 1st period - Rourke Chartier wins face-off versus Daniel O'regan in neutral zone.
18:25 of 1st period - Wrist shot by Daniel O'regan.
18:25 of 1st period - Shot Misses the Net.
18:52 of 1st period - Eric Knodel is hit by T.J. Tynan and loses puck.
19:05 of 1st period - Eric Knodel is hit by Petr Straka and loses puck.
19:14 of 1st period - Snap shot by Pierre Engvall.
19:14 of 1st period - Shot Blocked by Anton Cederholm.
19:32 of 1st period - Snap shot by Dominik Simon.
19:32 of 1st period - Stopped by Michael Houser without a rebound.
19:33 of 1st period - T.J. Tynan wins face-off versus Daniel O'regan in Little Stars zone.
Goals for this period are 0 for Rampage vs 1 for Little Stars.
Shots for this period are 12 for Rampage vs 12 for Little Stars.
2nd period
0:01 of 2nd period - Daniel O'regan wins face-off versus Rourke Chartier in neutral zone.
0:59 of 2nd period - Snap shot by Petr Straka.
0:59 of 2nd period - Deflect By Pierre Engvall.
0:59 of 2nd period - Shot Blocked by Tucker Poolman.
0:59 of 2nd period - Puck is out of play.
1:00 of 2nd period - Rourke Chartier wins face-off versus Jason Dickinson in Little Stars zone.
1:17 of 2nd period - Ville Pokka is hit by Rourke Chartier and loses puck.
1:34 of 2nd period - Slapshot by Joakim Nygard.
1:34 of 2nd period - Stopped by Jake Oettinger with a rebound.
1:36 of 2nd period - Slapshot by Frederic Allard.
1:36 of 2nd period - Stopped by Jake Oettinger without a rebound.
1:37 of 2nd period - Daniel O'regan wins face-off versus Jean-Sebastien Dea in Rampage zone.
1:52 of 2nd period - Slapshot by Jordan LaVallee.
1:52 of 2nd period - Stopped by Jake Oettinger with a rebound.
1:54 of 2nd period - Snap shot by Ilya Mikheyev.
1:54 of 2nd period - Stopped by Jake Oettinger with a rebound.
2:04 of 2nd period - Slapshot by Collin Miller.
2:04 of 2nd period - Stopped by Michael Houser with a rebound.
3:00 of 2nd period - Wrist shot by Joakim Nygard.
3:00 of 2nd period - Stopped by Jake Oettinger with a rebound.
3:25 of 2nd period - Icing by Ilya Mikheyev.
3:26 of 2nd period - Rourke Chartier wins face-off versus Daniel O'regan in Little Stars zone.
3:35 of 2nd period - Backhand shot by Dominik Simon.
3:35 of 2nd period - Stopped by Michael Houser without a rebound.
3:36 of 2nd period - Henrik Borgstrom wins face-off versus Rourke Chartier in Little Stars zone.
3:38 of 2nd period - Minor Penalty to Anton Cederholm for Tripping.
3:39 of 2nd period - Jordan LaVallee wins face-off versus Rourke Chartier in Little Stars zone.
4:06 of 2nd period - Off-side.
4:07 of 2nd period - Ryan Lomberg wins face-off versus Jordan LaVallee in neutral zone.
4:12 of 2nd period - Wrist shot by Jeremy Bracco.
4:12 of 2nd period - Stopped by Michael Houser with a rebound.
4:14 of 2nd period - Slapshot by Jean-Sebastien Dea.
4:14 of 2nd period - Shot Blocked by Ilya Mikheyev.
4:16 of 2nd period - Snap shot by Ryan Lomberg.
4:16 of 2nd period - Shot Misses the Net.
4:18 of 2nd period - Slapshot by Charlie McAvoy.
4:18 of 2nd period - Stopped by Michael Houser with a rebound.
4:20 of 2nd period - Slapshot by Vladislav Gavrikov.
4:20 of 2nd period - Shot Blocked by Ilya Mikheyev.
4:22 of 2nd period - Snap shot by Jean-Sebastien Dea.
4:22 of 2nd period - Shot Blocked by Jordan LaVallee.
5:38 of 2nd period - Penalty to Anton Cederholm is over, Anton Cederholm is back on ice.
6:08 of 2nd period - Jean-Sebastien Dea is hit by Eric Knodel and loses puck.
6:37 of 2nd period - Snap shot by Petr Straka.
6:37 of 2nd period - Shot Misses the Net.
6:39 of 2nd period - Slapshot by Roland McKeown.
6:39 of 2nd period - Shot Blocked by Ville Pokka.
6:41 of 2nd period - Slapshot by Roland McKeown.
6:41 of 2nd period - Goal by Roland McKeown - Rampage : 1 - Little Stars : 1.
6:42 of 2nd period - Daniel O'regan wins face-off versus Jordan Kyrou in neutral zone.
7:00 of 2nd period - Off-side.
7:01 of 2nd period - Henrik Borgstrom wins face-off versus T.J. Tynan in neutral zone.
7:14 of 2nd period - Slapshot by Henrik Borgstrom.
7:14 of 2nd period - Shot Hit the Post.
7:16 of 2nd period - Slapshot by Eric Knodel.
7:16 of 2nd period - Shot Blocked by Dylan Sikura.
7:22 of 2nd period - Minor Penalty to Dylan Sikura for Interference.
7:23 of 2nd period - Daniel O'regan wins face-off versus T.J. Tynan in Rampage zone.
9:22 of 2nd period - Penalty to Dylan Sikura is over, Dylan Sikura is back on ice.
9:44 of 2nd period - Dylan Sikura is hit by Joakim Nygard and loses puck.
10:07 of 2nd period - Roman Horak is hit by Anthony Richard and loses puck.
10:24 of 2nd period - Anton Cederholm is hit by Jordan Kyrou and loses puck.
11:02 of 2nd period - Snap shot by Dominik Simon.
11:02 of 2nd period - Shot Misses the Net.
11:12 of 2nd period - Reece Willcox is hit by T.J. Tynan and loses puck.
11:25 of 2nd period - Roland McKeown is hit by Jordan LaVallee and loses puck.
11:34 of 2nd period - Jordan LaVallee is hit by Dylan Sikura and loses puck.
11:49 of 2nd period - Snap shot by Dylan Sikura.
11:49 of 2nd period - Stopped by Michael Houser without a rebound.
11:50 of 2nd period - Henrik Borgstrom wins face-off versus Rourke Chartier in Little Stars zone.
12:02 of 2nd period - Slapshot by Jordan Kyrou.
12:02 of 2nd period - Stopped by Michael Houser without a rebound.
12:03 of 2nd period - Rourke Chartier wins face-off versus Henrik Borgstrom in Little Stars zone.
12:06 of 2nd period - Wrist shot by Dominik Simon.
12:06 of 2nd period - Shot Blocked by Reece Willcox.
12:35 of 2nd period - Snap shot by Jordan LaVallee.
12:35 of 2nd period - Shot Misses the Net.
12:37 of 2nd period - Slapshot by Tucker Poolman.
12:37 of 2nd period - Shot Misses the Net.
13:27 of 2nd period - Jordan Kyrou is hit by Jordan LaVallee and loses puck.
15:01 of 2nd period - Wrist shot by Jason Dickinson.
15:01 of 2nd period - Shot Misses the Net.
15:03 of 2nd period - Slapshot by Anton Cederholm.
15:03 of 2nd period - Stopped by Jake Oettinger without a rebound.
15:04 of 2nd period - Rourke Chartier wins face-off versus Daniel O'regan in Rampage zone.
15:23 of 2nd period - Tucker Poolman is hit by Travis Sanheim and loses puck.
15:40 of 2nd period - Slapshot by Adam Tambellini.
15:40 of 2nd period - Stopped by Jake Oettinger without a rebound.
15:41 of 2nd period - Henrik Borgstrom wins face-off versus T.J. Tynan in Rampage zone.
15:42 of 2nd period - Wrist shot by Adam Tambellini.
15:42 of 2nd period - Shot Misses the Net.
15:48 of 2nd period - Backhand shot by Adam Tambellini.
15:48 of 2nd period - Stopped by Jake Oettinger without a rebound.
15:49 of 2nd period - T.J. Tynan wins face-off versus Henrik Borgstrom in Rampage zone.
15:54 of 2nd period - Snap shot by Henrik Borgstrom.
15:54 of 2nd period - Shot Misses the Net.
16:04 of 2nd period - Slapshot by Adam Tambellini.
16:04 of 2nd period - Deflect By Matt Luff.
16:04 of 2nd period - Stopped by Jake Oettinger without a rebound.
16:05 of 2nd period - Daniel O'regan wins face-off versus Rourke Chartier in Rampage zone.
16:52 of 2nd period - Slapshot by Travis Sanheim.
16:52 of 2nd period - Stopped by Michael Houser with a rebound.
16:54 of 2nd period - Slapshot by Petr Straka.
16:54 of 2nd period - Stopped by Michael Houser without a rebound.
16:55 of 2nd period - Daniel O'regan wins face-off versus Jean-Sebastien Dea in Little Stars zone.
16:55 of 2nd period - Daniel O'regan is hit by Petr Straka.
17:07 of 2nd period - Snap shot by Pierre Engvall.
17:07 of 2nd period - Stopped by Michael Houser without a rebound.
17:08 of 2nd period - Rourke Chartier wins face-off versus Daniel O'regan in Little Stars zone.
17:09 of 2nd period - Snap shot by Dominik Simon.
17:09 of 2nd period - Shot Misses the Net.
17:11 of 2nd period - Snap shot by Jordan Kyrou.
17:11 of 2nd period - Stopped by Michael Houser without a rebound.
17:12 of 2nd period - Ilya Mikheyev wins face-off versus Rourke Chartier in Little Stars zone.
17:48 of 2nd period - Snap shot by Rourke Chartier.
17:48 of 2nd period - Shot Misses the Net.
17:50 of 2nd period - Wrist shot by Roland McKeown.
17:50 of 2nd period - Stopped by Michael Houser without a rebound.
17:51 of 2nd period - Adam Tambellini wins face-off versus T.J. Tynan in Little Stars zone.
18:00 of 2nd period - Ryan Lomberg is hit by Adam Tambellini and loses puck.
18:27 of 2nd period - Backhand shot by Jean-Sebastien Dea.
18:27 of 2nd period - Stopped by Michael Houser without a rebound.
18:28 of 2nd period - Daniel O'regan wins face-off versus Rourke Chartier in Little Stars zone.
18:55 of 2nd period - Henrik Borgstrom is hit by T.J. Tynan and loses puck.
19:02 of 2nd period - Wrist shot by Dylan Sikura.
19:02 of 2nd period - Stopped by Michael Houser with a rebound.
Goals for this period are 1 for Rampage vs 0 for Little Stars.
Shots for this period are 14 for Rampage vs 9 for Little Stars.
3rd period
0:01 of 3rd period - Rourke Chartier wins face-off versus Daniel O'regan in neutral zone.
0:08 of 3rd period - Slapshot by Rourke Chartier.
0:08 of 3rd period - Shot Blocked by Eric Knodel.
0:26 of 3rd period - Henrik Borgstrom is hit by Ryan Lomberg and loses puck.
0:39 of 3rd period - Slapshot by Travis Sanheim.
0:39 of 3rd period - Stopped by Michael Houser with a rebound.
0:49 of 3rd period - Slapshot by Petr Straka.
0:49 of 3rd period - Stopped by Michael Houser with a rebound.
1:00 of 3rd period - Snap shot by Jason Dickinson.
1:00 of 3rd period - Shot Misses the Net.
1:21 of 3rd period - Eric Knodel is hit by Jeremy Bracco and loses puck.
1:59 of 3rd period - Snap shot by Daniel O'regan.
1:59 of 3rd period - Shot Blocked by Travis Sanheim.
2:01 of 3rd period - Slapshot by Anton Cederholm.
2:01 of 3rd period - Shot Misses the Net.
2:03 of 3rd period - Slapshot by Eric Knodel.
2:03 of 3rd period - Deflect By Ilya Mikheyev.
2:03 of 3rd period - Shot Hit the Post.
2:03 of 3rd period - Puck is out of play.
2:04 of 3rd period - Henrik Borgstrom wins face-off versus Rourke Chartier in Rampage zone.
2:37 of 3rd period - Wrist shot by Joakim Nygard.
2:37 of 3rd period - Stopped by Jake Oettinger with a rebound.
4:19 of 3rd period - Icing by Ryan Lomberg.
4:20 of 3rd period - Jean-Sebastien Dea wins face-off versus Roman Horak in Rampage zone.
4:27 of 3rd period - Joey Anderson is hit by Jean-Sebastien Dea.
4:38 of 3rd period - Minor Penalty to Travis Sanheim for Tripping.
4:39 of 3rd period - Daniel O'regan wins face-off versus T.J. Tynan in Rampage zone.
6:38 of 3rd period - Penalty to Travis Sanheim is over, Travis Sanheim is back on ice.
7:20 of 3rd period - Wrist shot by T.J. Tynan.
7:20 of 3rd period - Shot Misses the Net.
7:22 of 3rd period - Wrist shot by Pierre Engvall.
7:22 of 3rd period - Shot Blocked by Frederic Allard.
7:24 of 3rd period - Backhand shot by Pierre Engvall.
7:24 of 3rd period - Deflect By Ville Pokka.
7:24 of 3rd period - Shot Misses the Net.
7:24 of 3rd period - Puck is out of play.
7:25 of 3rd period - Rourke Chartier wins face-off versus Jason Dickinson in Little Stars zone.
7:30 of 3rd period - Slapshot by Ethan Bear.
7:30 of 3rd period - Shot Hit the Post.
7:32 of 3rd period - Slapshot by Dominik Simon.
7:32 of 3rd period - Stopped by Michael Houser with a rebound.
7:34 of 3rd period - Snap shot by Vladislav Gavrikov.
7:34 of 3rd period - Deflect By Joakim Nygard.
7:34 of 3rd period - Stopped by Michael Houser with a rebound.
7:36 of 3rd period - Slapshot by Vladislav Gavrikov.
7:36 of 3rd period - Shot Misses the Net.
7:38 of 3rd period - Slapshot by Vladislav Gavrikov.
7:38 of 3rd period - Stopped by Michael Houser without a rebound.
7:39 of 3rd period - Rourke Chartier wins face-off versus Daniel O'regan in Little Stars zone.
7:44 of 3rd period - Snap shot by Jordan Kyrou.
7:44 of 3rd period - Stopped by Michael Houser with a rebound.
9:10 of 3rd period - Snap shot by Jordan LaVallee.
9:10 of 3rd period - Stopped by Jake Oettinger with a rebound.
9:12 of 3rd period - Slapshot by Ville Pokka.
9:12 of 3rd period - Stopped by Jake Oettinger with a rebound.
9:14 of 3rd period - Slapshot by Ilya Mikheyev.
9:14 of 3rd period - Shot Misses the Net.
9:32 of 3rd period - Slapshot by Matt Luff.
9:32 of 3rd period - Stopped by Jake Oettinger without a rebound.
9:33 of 3rd period - Rourke Chartier wins face-off versus Daniel O'regan in Rampage zone.
9:39 of 3rd period - Minor Penalty to Rourke Chartier for Holding.
9:40 of 3rd period - Daniel O'regan wins face-off versus T.J. Tynan in Rampage zone.
10:06 of 3rd period - Roland McKeown is hit by Anton Cederholm and loses puck.
10:44 of 3rd period - Ethan Bear is hit by Daniel O'regan and loses puck.
11:36 of 3rd period - Anthony Richard is hit by Adam Tambellini and loses puck.
11:39 of 3rd period - Penalty to Rourke Chartier is over, Rourke Chartier is back on ice.
11:49 of 3rd period - Snap shot by Rourke Chartier.
11:49 of 3rd period - Shot Blocked by Ville Pokka.
11:53 of 3rd period - Snap shot by Rourke Chartier.
11:53 of 3rd period - Deflect By Anthony Richard.
11:53 of 3rd period - Stopped by Michael Houser without a rebound.
11:54 of 3rd period - Rourke Chartier wins face-off versus Daniel O'regan in Little Stars zone.
12:56 of 3rd period - Slapshot by Dominik Simon.
12:56 of 3rd period - Goal by Dominik Simon - Rampage : 2 - Little Stars : 1.
12:57 of 3rd period - T.J. Tynan wins face-off versus Jason Dickinson in neutral zone.
13:03 of 3rd period - Minor Penalty to Eric Knodel for Hooking.
13:04 of 3rd period - Jordan LaVallee wins face-off versus Rourke Chartier in Little Stars zone.
13:43 of 3rd period - Dominik Simon is hit by Adam Tambellini and loses puck.
14:45 of 3rd period - Icing by Vladislav Gavrikov.
14:46 of 3rd period - Rourke Chartier wins face-off versus Daniel O'regan in Rampage zone.
15:03 of 3rd period - Penalty to Eric Knodel is over, Eric Knodel is back on ice.
15:10 of 3rd period - Icing by Anton Cederholm.
15:11 of 3rd period - T.J. Tynan wins face-off versus Jordan LaVallee in Little Stars zone.
15:12 of 3rd period - Wrist shot by Ryan Lomberg.
15:12 of 3rd period - Shot Misses the Net.
15:14 of 3rd period - Snap shot by Ryan Lomberg.
15:14 of 3rd period - Shot Misses the Net.
15:16 of 3rd period - Wrist shot by Ryan Lomberg.
15:16 of 3rd period - Shot Misses the Net.
15:28 of 3rd period - Ryan Lomberg is hit by Ilya Mikheyev and loses puck.
15:34 of 3rd period - Off-side.
15:35 of 3rd period - Jean-Sebastien Dea wins face-off versus Jason Dickinson in neutral zone.
16:02 of 3rd period - Jordan Kyrou is hit by Matt Luff and loses puck.
16:11 of 3rd period - Snap shot by Rourke Chartier.
16:11 of 3rd period - Deflect By Dominik Simon.
16:11 of 3rd period - Stopped by Michael Houser without a rebound.
16:12 of 3rd period - Ilya Mikheyev wins face-off versus Jean-Sebastien Dea in Little Stars zone.
16:17 of 3rd period - Snap shot by Jordan LaVallee.
16:17 of 3rd period - Shot Blocked by Travis Sanheim.
16:29 of 3rd period - Jordan LaVallee is hit by Charlie McAvoy and loses puck.
17:04 of 3rd period - Wrist shot by Adam Tambellini.
17:04 of 3rd period - Stopped by Jake Oettinger with a rebound.
17:28 of 3rd period - Roland McKeown is hit by Adam Tambellini and loses puck.
17:49 of 3rd period - Wrist shot by Jordan LaVallee.
17:49 of 3rd period - Shot Misses the Net.
17:51 of 3rd period - Wrist shot by Daniel O'regan.
17:51 of 3rd period - Shot Misses the Net.
17:53 of 3rd period - Snap shot by Daniel O'regan.
17:53 of 3rd period - Shot Misses the Net.
17:57 of 3rd period - Snap shot by Jordan LaVallee.
17:57 of 3rd period - Little Stars goal is going for a video replay.
17:57 of 3rd period - The goal is refused. The puck has entered the net after making contact with an attacking player’s stick that is above the height of the crossbar..
17:58 of 3rd period - Jason Dickinson wins face-off versus Rourke Chartier in Rampage zone.
18:01 of 3rd period - Wrist shot by Joakim Nygard.
18:01 of 3rd period - Deflect By Jason Dickinson.
18:01 of 3rd period - Stopped by Jake Oettinger without a rebound.
18:02 of 3rd period - Jason Dickinson wins face-off versus Rourke Chartier in Rampage zone.
18:15 of 3rd period - Snap shot by Joakim Nygard.
18:15 of 3rd period - Stopped by Jake Oettinger with a rebound.
18:32 of 3rd period - Off-side.
18:33 of 3rd period - Jean-Sebastien Dea wins face-off versus Daniel O'regan in neutral zone.
18:50 of 3rd period - Slapshot by Petr Straka.
18:50 of 3rd period - Shot Blocked by Anton Cederholm.
19:00 of 3rd period - Pierre Engvall is hit by Anton Cederholm.
19:04 of 3rd period - Little Stars, Michael Houser is pulled from the net.
Goals for this period are 1 for Rampage vs 0 for Little Stars.
Shots for this period are 9 for Rampage vs 8 for Little Stars.